 Dungeon Crawl Stone Soup version 0.23.2 (webtiles) character file.

Game seed: 6686509987920684118

178 Borgoz the Cutter (level 5, -5/32 HPs)
             Began as a Kobold Gladiator on Apr 12, 2019.
             Killed by divine providence
             ... invoked by an orc priest
              (16 damage)
             ... on level 3 of the Dungeon.
             The game lasted 00:03:43 (2898 turns).

Borgoz the Cutter (Kobold Gladiator)                Turns: 2898, Time: 00:03:44

Health: -5/32      AC:  6    Str: 11    XL:     5   Next: 89%
Magic:  5/5        EV: 17    Int: 12    God:
Gold:   141        SH:  0    Dex: 18    Spells: 4/4 levels left

rFire    . . .     SeeInvis .   a - +0 rapier
rCold    . . .     Gourm    .   (shield restricted)
rNeg     . . .     Faith    .   b - +0 leather armour
rPois    .         Spirit   .   c - +0 helmet
rElec    .         Reflect  .   (no cloak)
rCorr    .         Harm     .   g - +0 pair of gloves
MR       .....                  n - +0 pair of boots
Stlth    ++........             (no amulet)
HPRegen  0.10/turn              p - +3 ring of intelligence
MPRegen  0.09/turn              (no ring)

@: very slightly contaminated, lightly drained
A: small, carnivore
a: no special abilities


You were on level 3 of the Dungeon.
You were not hungry.

You visited 1 branch of the dungeon, and saw 3 of its levels.

You collected 141 gold pieces.

Inventory:

Hand Weapons
 a - a +0 rapier (weapon)
Missiles
 d - 3 throwing nets (quivered)
Armour
 b - a +0 leather armour (worn)
 c - a +0 helmet (worn)
 g - a +0 pair of gloves (worn)
 n - a +0 pair of boots (worn)
Jewellery
 p - a +3 ring of intelligence (left hand)
Wands
 l - a wand of scattershot (3)
 o - a wand of polymorph (10)
Scrolls
 i - a scroll of remove curse {unknown}
 k - a scroll of immolation {unknown}
 m - 2 scrolls of amnesia
 q - a scroll of fear {unknown}
Potions
 h - 2 potions of lignification {unknown}
 j - a potion of heal wounds {unknown}
Comestibles
 f - 4 rations


   Skills:
 + Level 3.3(3.0) Fighting
 + Level 5.0(4.8) Short Blades
 - Level 2.1(1.9) Throwing
 + Level 1.6(1.3) Armour
 + Level 4.5(4.3) Dodging
 + Level 3.0(2.8) Stealth


You had 4 spell levels left.
You didn't know any spells.
Your spell library was empty.

Dungeon Overview and Level Annotations

Branches:
Dungeon (3/15)

Altars:


Innate Abilities, Weirdness & Mutations

You are small and have problems with some larger weapons.
You are carnivorous and can eat meat at any time.


Message History

The bat closely misses you. The bat barely misses you.
The bat barely misses you. The bat closely misses you. The bat hits you.
You hit the bat but do no damage. The bat barely misses you.
The orc priest invokes the aid of Beogh against you.
Beogh smites you!
You puncture the bat!
You kill the bat!
You hit the ball python but do no damage.
The ball python misses you. The ball python closely misses you.
The orc priest mumbles some strange prayers to Beogh against you.
Beogh smites you!
You hit the ball python.
You kill the ball python!
The orc priest mumbles some strange prayers to Beogh against you.
Beogh smites you!
Ouch! That really hurt!
You die...

#.....>..............##.....
#.....#####.................
#.....## #.................
#......######.........#.....
#...##....###...............
##...##.##...................
#....##.######..###..#.......
####.......####<.....#.......
####.##o.@............###.
#..o##########....... # ###.#
#.##....# #. #.### .
..#..#### #.. #...#
..###.#..# #... ###.##..#
#....###o...# #.....(....##
#.....#.....#


You could see an orc priest and an orc.

Vanquished Creatures
  A bullfrog (D:3)
  5 adders
  2 oozes
  2 dart slugs (D:1)
  3 leopard geckos
  An orc (D:3)
  4 ball pythons
  4 bats
  4 giant cockroaches
  2 hobgoblins (D:1)
  8 kobolds
  A quokka (D:2)
  A frilled lizard (D:1)
  7 goblins
  6 rats
51 creatures vanquished.

Notes
Turn   | Place    | Note
-------+----------+-------------------------------------------
     0 | D:1      | Borgoz the Kobold Gladiator began the quest for the Orb.
     0 | D:1      | Reached XP level 1. HP: 12/12 MP: 1/1
   316 | D:1      | Reached XP level 2. HP: 18/18 MP: 2/2
   393 | D:1      | Reached skill level 1 in Stealth
   638 | D:1      | Reached XP level 3. HP: 22/22 MP: 3/3
  1295 | D:2      | Reached skill level 1 in Armour
  1325 | D:2      | Reached XP level 4. HP: 26/27 MP: 4/4
  2350 | D:3      | Noticed a bullfrog
  2361 | D:3      | Killed a bullfrog
  2361 | D:3      | Reached skill level 5 in Short Blades
  2361 | D:3      | Reached XP level 5. HP: 12/32 MP: 5/5
  2898 | D:3      | Killed from afar by an orc priest

Skill      XL: |  1  2  3  4  5 |
---------------+----------------+-----
Stealth        | 1 2 3 |  3.0
Dodging        | 4 |  4.5
Armour         | 1 |  1.6
Fighting       | 3 |  3.3
Short Blades   | 5 |  5.0
Throwing       | |  2.1

Action                   |  1- 3 |  4- 6 || total
-------------------------+-------+-------++-------
Melee: Rapier            |    81 |    90 ||   171
Throw: Throwing net      |       |     2 ||     2
  Use: Scroll            |       |     4 ||     4
       Potion            |       |     2 ||     2
 Stab: Sleeping          |     1 |     3 ||     4
       Invisible         |       |     1 ||     1
  Eat: Chunk             |     9 |     1 ||    10
Armor: Leather armour    |    17 |    25 ||    42
Dodge: Dodged            |    73 |    93 ||   166
